 Dungeon Sprint DCSS version 0.30.0-11-gf55b779eaf (webtiles) character file.

Game seed: 10016513340570486509

16018 fozzywoppz the Wrestler (level 12, -16/133 HPs)
             Began as a Troll Monk on May 16, 2023.
             Was the Champion of Qazlal.
             Demolished by Donald
             ... wielding a +2 war axe of holy wrath
              (33 damage)
             ... in the Dungeon (Sprint III: "The Ten Rune Challenge").
             The game lasted 00:12:38 (1342 turns).

fozzywoppz the Wrestler (Troll Monk)                Turns: 1342, Time: 00:12:38

Health: -16/133    AC: 12    Str: 26    XL:     12   Next: 6%
Magic:  17/29      EV:  7    Int: 11    God:    Qazlal [******]
Gold:   3698       SH:  0    Dex: 12    Spells: 11/11 levels left

rFire   . .          .
                       - Unarmed
rCold   . . .        c - orb {light}
rNeg    . . .        a - +0 robe
rPois   .            e - +3 hat of Pondering {ponderous, Will+ MP+10 Int+5}
rElec   .            k - +1 cloak
rCorr   .            (gloves unavailable)
SInv    .            (boots unavailable)
Will    +....        (no amulet)
Stlth   +            (no ring)
HPRegen 1.22/turn    (no ring)
MPRegen 0.21/turn

%: no teleportation, repel missiles
@: protected from physical damage, held, glowing, slow
A: large, unfitting armour, claws 3, regeneration 1, shaggy fur 1, tough skin 1,
horns 2
a: Renounce Religion, Upheaval, Elemental Force, Disaster Area


You were in the Dungeon.
You worshipped Qazlal.
Qazlal was exalted by your worship.
You visited 1 branch You collected 3698 gold pieces.

Inventory:

Missiles
 o - 3 boomerangs (quivered)
 t - 5 javelins
 x - 10 atropa-tipped darts
Armour
 a - a +0 robe (worn)
 c - an orb of light (worn)
 e - the +3 hat of Pondering (worn) {ponderous, Will+ MP+10 Int+5}
   (You took it off Gastronok in the Dungeon)

   Int:       It affects your intelligence (+5).
   MP:        It affects your magic capacity (+10).
   Will:      It increases your willpower.
 k - a +1 cloak (worn)
 v - the +8 ice dragon scales of Tizara {rPois rF- rC++ rN+ Str-5}
   (You found it in the Dungeon)

   Str:       It affects your strength (-5).
   rF:        It makes you vulnerable to fire.
   rC:        It greatly protects you from cold.
   rPois:     It protects you from poison.
   rN:        It protects you from negative energy.
Wands
 r - a wand of flame (18)
 u - a wand of digging (3)
 z - a wand of mindburst (18)
Scrolls
 j - 2 scrolls of enchant armour
 w - a scroll of poison {unknown}
 y - a scroll of immolation
Potions
 b - a potion of lignification {unknown}
 d - 3 potions of curing
 f - a potion of haste
 g - 2 potions of magic
 h - a potion of berserk rage
 l - 2 potions of attraction {unknown}
 m - 3 potions of flight {unknown}
 n - 5 potions of mutation
 p - a potion of degeneration {unknown}
 q - a potion of might
 A - a potion of heal wounds
Miscellaneous
 s - a phantom mirror (inert)


   Skills:
 + Level 12.5 Fighting
 - Level 10.0 Dodging
 + Level 21.9 Unarmed Combat
 + Level 11.2 Invocations


You had 11 spell levels left.
You didn't know any spells.
Your spell library contained the following spells:

 Spells                   Type           Power      Damage    Failure   Level
 Magic Dart               Conj           0%         1d3       34%         1
 Call Imp                 Summ           0%         N/A       47%         2
 Cigotuvi's Dreadful Rot  Necr/Pois/Air  0%         N/A       47%         2
 Sublimation of Blood     Necr           0%         N/A       47%         2
 Wereblood                Tmut           0%         N/A       47%         2
 Ignite Poison            Fire/Tmut/Pois 0%         N/A       71%         3
 Mephitic Cloud           Conj/Pois/Air  0%         N/A       71%         3
 Freezing Cloud           Conj/Ice/Air   0%         6-21      100%        5
 Summon Forest            Summ/Tloc      0%         N/A       100%        5
 Summon Mana Viper        Hex/Summ       0%         N/A       100%        5
 Summon Cactus Giant      Summ           0%         N/A       100%        6
 Summon Hydra             Summ           0%         N/A       100%        7


Dungeon Overview and Level Annotations

Branches:
Dungeon (1/1)

Altars:
Cheibriados
Dithmenos
Elyvilon
Fedhas
Gozag
Hepliaklqana
Kikubaaqudgha
Makhleb
Nemelex Xobeh
Okawaru
Qazlal
Ru
Sif Muna
Trog
Uskayaw
Vehumet
Wu Jian
Xom
Yredelemnul
Zin
The Shining One
Jiyva
Lugonu

Shops:
D :

Annotations:
D Donald, Frances


Innate Abilities, Weirdness & Mutations

You are too large for most types of armour.
You have claws for hands.
Your natural rate of healing is unusually fast.
You are covered in fur. (AC +1)
You have tough skin. (AC +1)
You have a pair of horns on your head.


Message History

Donald hits you but does no damage.
Activating: Disaster Area (3% risk of failure)
Press: ? - help, Dir - look around, f - activate Nature churns violently around you!
The blast of magma engulfs the hellwing!!
The hellwing is heavily wounded.
Frances throws a curare-tipped dart.
The curare-tipped dart barely misses you.
Donald hits you with a +2 war axe of holy wrath!!!
* * * LOW HITPOINT WARNING * * *
Blink to where?
Press: ? - help, Dir - move target
As you read the scroll of blinking, it crumbles to dust.
Donald drops a net on you.
You become entangled in the net!
Unknown command.
Aiming: Phantom Mirror
Press: ? - help, Dir - move target, f - Donald
Aim: Donald, wielding a +2 war axe of holy wrath, wearing a +0 scale mail and wearing a +0 kite shield of reflection (fast, strong, reflecting blocked projectiles, haloed)
You reflect Donald with the mirror!
The mirror clouds!
Unknown command.
What are your orders? t - Shout!
Orders for allies: a - Attack new target. p - Attack previous target. r - Retreat! s - Stop attacking. g - Guard the area. f - Follow me.
Anything else - Cancel.
Gang up on whom?
Press: ? - help, Dir - move target, f/p - Donald
Aim: Donald, wielding a +2 war axe of holy wrath, wearing a +0 scale mail and wearing a +0 kite shield of reflection (fast, strong, ally target, reflecting blocked projectiles, haloed) Attack!
Donald blocks Donald's attack.
Donald hits you with a +2 war axe of holy wrath!
* * * LOW HITPOINT WARNING * * *
You feel more protected from physical attacks.
Donald completely misses Donald.
You struggle against the net.
Frances throws a curare-tipped dart.
The curare-tipped dart barely misses Donald.
The curare-tipped dart hits Donald.
Donald is poisoned.
Donald convulses.
Donald seems to slow down.
Donald hits you with a +2 war axe of holy wrath!!
You die...

#._#..........#
#)##..........#
...#.........##
...#)#.#..#∩.##
##'#)########.#
...#)#####################
...#))).#.#.#.....#......+
...##)#).#.##.###.#^..^..#
...'##)#.#.##.#.@##..^..^#
...#.).#..#.)##..@..^....#
▓▓▓▓▓▓▓▓▓▓▓▓▓▓▓▓▓#@.....^#
~~~........~~~...#..^....#
♣≈≈≈≈≈≈≈≈≈≈≈≈♣♣P.'.@^....#
♣♣♣♣♣♣♣♣♣♣♣♣♣♣♣PP#..4.^≈.#
♣ ♣♣♣##'######
♣♣♣♣♣♣♣♣♣♣♣♣♣♣♣♣♣#≈@.+
##..##~~~~~≈..#[(#≈≈.#


You could see Frances, Donald (fast, strong, very poisoned, slow, ally target,
reflecting), a hellwing (summoned) and the friendly Donald (summoned, fast,
strong, drained, reflecting).

Vanquished Creatures
  Rupert (D)
  Gastronok (D)
  2 dire elephants (D)
  Erolcha (D)
  2 hydras (D)
  An anaconda (D)
  2 orc high priests (D)
  Urug (D)
  A spriggan druid (D)
  A death drake (D)
  A lindwurm (D)
  A deep elf pyromancer (D)
  2 elephants (D)
  2 cane toads (D)
  A rime drake (D)
  A komodo dragon (D)
  2 tyrant leeches (D)
  5 blink frogs (D)
  2 spriggans (D)
  A shadow (D)
  3 wandering mushrooms (D)
  5 redbacks (D)
  A spatial vortex (D)
  3 orc warriors (D)
  A swamp drake (D)
  A black mamba simulacrum (D)
  5 two-headed ogres (D)
  A necrophage (D)
  A water elemental (D)
  An electric eel (D)
  A jelly (D)
  2 orc priests (D)
  Crazy Yiuf (D)
  A wizard (D)
  Jessica (D)
  2 orc wizards (D)
  A necromancer (D)
  A polar bear simulacrum (D)
  2 wolf simulacra (D)
  3 humans (D)
  A kobold demonologist (D)
  8 orcs (D)
  An endoplasm (D)
  A goblin (D)
  2 rats (D)
81 creatures vanquished.

Notes
Turn   | Place    | Note
-------+----------+-------------------------------------------
     0 | D        | fozzywoppz the Troll Monk began the quest for the Orb.
     0 | D        | Reached XP level 1. HP: 22/22 MP: 0/0
    30 | D        | Noticed Jessica
    36 | D        | Killed Jessica
    37 | D        | Reached skill level 4 in Unarmed Combat
    37 | D        | Reached XP level 2. HP: 25/32 MP: 1/1
    37 | D        | Reached XP level 3. HP: 31/39 MP: 2/2
    59 | D        | Noticed Crazy Yiuf
    79 | D        | Killed Crazy Yiuf
    80 | D        | Reached skill level 5 in Unarmed Combat
    80 | D        | Reached XP level 4. HP: 49/49 MP: 3/3
   106 | D        | Gained mutation: Your spells are a little harder to cast,
                  | but a little more powerful. [potion of mutation]
   106 | D        | Gained mutation: You have a pair of small horns on your
                  | head. [potion of mutation]
   107 | D        | Lost mutation: Your spells are a little harder to cast, but
                  | a little more powerful. [potion of mutation]
   107 | D        | Lost mutation: You have a pair of small horns on your head.
                  | [potion of mutation]
   107 | D        | Gained mutation: You are frail. (-10% HP) [potion of
                  | mutation]
   107 | D        | Lost mutation: You are frail. (-10% HP) [potion of
                  | mutation]
   107 | D        | Gained mutation: You have a pair of small horns on your
                  | head. [potion of mutation]
   107 | D        | Gained mutation: You have a pair of horns on your head.
                  | [potion of mutation]
   112 | D        | Noticed a water elemental
   117 | D        | Killed a water elemental
   118 | D        | Reached skill level 5 in Fighting
   118 | D        | Reached skill level 5 in Dodging
   118 | D        | Reached skill level 6 in Unarmed Combat
   140 | D        | Found a radiant altar of Vehumet.
   140 | D        | Found a shimmering blue altar of Sif Muna.
   140 | D        | Found an ancient bone altar of Kikubaaqudgha.
   140 | D        | Noticed a wizard
   143 | D        | Killed a wizard
   144 | D        | Reached XP level 5. HP: 57/59 MP: 4/4
   148 | D        | Reached skill level 7 in Unarmed Combat
   160 | D        | Found a glowing silver altar of Zin.
   160 | D        | Found a glowing golden altar of the Shining One.
   160 | D        | Found a white marble altar of Elyvilon.
   161 | D        | Noticed a deep elf pyromancer
   167 | D        | Killed a deep elf pyromancer
   168 | D        | Reached skill level 9 in Unarmed Combat
   168 | D        | Reached XP level 6. HP: 43/72 MP: 5/5
   168 | D        | Reached XP level 7. HP: 47/79 MP: 6/6
   236 | D        | Found a hide-covered altar of Uskayaw.
   236 | D        | Found an iron altar of Okawaru.
   236 | D        | Found a bloodstained altar of Trog.
   236 | D        | Found an ornate altar of the Wu Jian Council.
   236 | D        | Noticed a human
   237 | D        | Noticed a human
   240 | D        | Killed a human
   241 | D        | Reached skill level 10 in Unarmed Combat
   244 | D        | Killed a human
   262 | D        | Found a basalt altar of Yredelemnul.
   262 | D        | Found a shadowy altar of Dithmenos.
   262 | D        | Found a sacrificial altar of Ru.
   271 | D        | Reached skill level 11 in Unarmed Combat
   279 | D        | Noticed a shadow
   284 | D        | Killed a shadow
   285 | D        | Reached XP level 8. HP: 61/92 MP: 7/7
   289 | D        | Found a blossoming altar of Fedhas.
   289 | D        | Found a stormy altar of Qazlal.
   290 | D        | Found a snail-covered altar of Cheibriados.
   290 | D        | Found a burning altar of Makhleb.
   290 | D        | Found a hazy altar of Hepliaklqana.
   290 | D        | Found a shimmering altar of Xom.
   290 | D        | Found an opulent altar of Gozag.
   290 | D        | Found a sparkling altar of Nemelex Xobeh.
   290 | D        | Found a corrupted altar of Lugonu.
   290 | D        | Found a viscous altar of Jiyva.
   293 | D        | Became a worshipper of Qazlal Stormbringer
   293 | D        | Reached * piety under Qazlal
   293 | D        | Reached ** piety under Qazlal
   428 | D        | Reached skill level 12 in Unarmed Combat
   431 | D        | Reached skill level 10 in Fighting
   488 | D        | Noticed a two-headed ogre
   496 | D        | Killed a two-headed ogre
   496 | D        | Reached *** piety under Qazlal
   497 | D        | Reached skill level 13 in Unarmed Combat
   569 | D        | Noticed a two-headed ogre
   569 | D        | Noticed Erolcha
   571 | D        | Killed Erolcha
   572 | D        | Reached skill level 15 in Unarmed Combat
   572 | D        | Reached XP level 9. HP: 101/101 MP: 8/8
   576 | D        | Killed a two-headed ogre
   577 | D        | Reached skill level 16 in Unarmed Combat
   585 | D        | Reached **** piety under Qazlal
   605 | D        | Noticed an orc high priest
   606 | D        | Noticed an ice devil
   610 | D        | Noticed a sixfirhy
   611 | D        | Noticed an orc high priest
   619 | D        | Killed an orc high priest
   620 | D        | Reached skill level 17 in Unarmed Combat
   631 | D        | Killed an orc high priest
   632 | D        | Reached skill level 18 in Unarmed Combat
   632 | D        | Reached XP level 10. HP: 16/110 MP: 9/9
   632 | D        | Reached ***** piety under Qazlal
   675 | D        | Reached ****** piety under Qazlal
   676 | D        | Reached skill level 19 in Unarmed Combat
   678 | D        | Found Seufucue's Book Shop.
   760 | D        | Reached skill level 1 in Invocations
   778 | D        | Noticed a cane toad
   778 | D        | Noticed a cane toad
   780 | D        | Killed a cane toad
   782 | D        | Killed a cane toad
   786 | D        | Reached skill level 5 in Invocations
   822 | D        | Reached skill level 20 in Unarmed Combat
   833 | D        | Noticed an elephant
   833 | D        | Noticed an elephant
   834 | D        | Noticed a dire elephant
   834 | D        | Noticed a dire elephant
   834 | D        | Noticed Gastronok
   840 | D        | Killed a dire elephant
   846 | D        | Killed a dire elephant
   847 | D        | Reached XP level 11. HP: 81/118 MP: 6/15
   857 | D        | Killed Gastronok
   858 | D        | Reached skill level 10 in Dodging
   956 | D        | Noticed Rupert
   966 | D        | Killed Rupert
   967 | D        | Reached skill level 21 in Unarmed Combat
  1006 | D        | Noticed a lindwurm
  1011 | D        | Killed a lindwurm
  1022 | D        | Noticed Urug
  1026 | D        | Killed Urug
  1027 | D        | Reached skill level 10 in Invocations
  1134 | D        | Noticed a six-headed hydra
  1136 | D        | Killed an eight-headed hydra
  1136 | D        | Noticed a seven-headed hydra
  1140 | D        | Noticed a death drake
  1143 | D        | Killed an 11-headed hydra
  1146 | D        | Killed a death drake
  1178 | D        | Identified the +8 ice dragon scales of Tizara {rPois rF-
                  | rC++ rN+ Str-5}
  1235 | D        | Found a blossoming altar of Fedhas.
  1235 | D        | Noticed a spriggan druid
  1238 | D        | Killed a spriggan druid
  1239 | D        | Reached XP level 12. HP: 133/133 MP: 17/19
  1329 | D        | Noticed Frances
  1329 | D        | Noticed an anaconda
  1330 | D        | Noticed Donald
  1332 | D        | Killed an anaconda
  1342 | D        | Demolished by Donald

Illustrated notes

Levels and vault maps discovered:
D:        dungeon_sprint_mu [sprint_mu_entry_cave, sprint_mu_temple_rooms,
          sprint_mu_d1_spiders, sprint_mu_d2_genie, sprint_mu_d3_branching,
          sprint_mu_orc_legion, sprint_mu_elf_gauntlet, sprint_mu_hive_nellie,
          sprint_mu_lair_fedhas, sprint_mu_vaults_butterflies,
          sprint_mu_slime_circle, sprint_mu_shoals_kraken,
          sprint_mu_snake_twists, sprint_mu_blade_basic,
          sprint_mu_crypt_fortress, sprint_mu_tomb_spiral,
          sprint_mu_vestibule_basic, sprint_mu_gehenna_hellfire,
          sprint_mu_dis_giant, sprint_mu_tartarus_statrot,
          sprint_mu_cocytus_islands, sprint_mu_zot1]

Skill      XL: |  1  2  3  4  5  6  7  8  9 10 11 |
---------------+----------------------------------+-----
Fighting       | 3 4 5 7 9 10 12 | 12.5
Dodging        | 3 4 5 7 8 9 10 | 10.0
Unarmed Combat | 4 5 6 9 11 15 18 20 21 | 21.9
Invocations    | 7 11 | 11.2

Action                     |  1- 3 |  4- 6 |  7- 9 | 10-12 || total
---------------------------+-------+-------+-------+-------++-------
  Melee: Unarmed           |    22 |    15 |    64 |   114 ||   215
         Headbutt          |       |     1 |    18 |    22 ||    41
 Invoke: Disaster Area     |       |       |       |     3 ||     3
         Upheaval          |       |       |       |     5 ||     5
  Evoke: Wand              |       |       |     2 |       ||     2
         Phantom mirror    |       |       |       |     1 ||     1
    Use: Potion            |       |     2 |       |     3 ||     5
         Scroll            |       |       |     4 |     1 ||     5
 Armour: Robe              |     5 |       |     3 |    24 ||    32
  Dodge: Dodged            |     5 |     4 |    19 |    33 ||    61
         Repelled          |       |       |       |     1 ||     1
  Block: Orb               |       |       |     3 |    25 ||    28
